 Dungeon Crawl Stone Soup version 0.29-a0-322-g68df515428 (webtiles) character file.

Game seed: 14915081183295261836

35 sammy202020 the Skirmisher (level 3, 0/36 HPs)
             Began as a Gargoyle Berserker on Apr 5, 2022.
             Was a Follower of Trog.
             Slain by a worm (4 damage)
             ... on level 2 of the Dungeon.
             The game lasted 00:02:30 (1637 turns).

sammy202020 the Skirmisher (Gargoyle Berserker)     Turns: 1637, Time: 00:02:32

Health: 0/36       AC:  5    Str: 20    XL:     3   Next: 35%
Magic:  3/3        EV: 11    Int:  9    God:    Trog [*.....]
Gold:   105        SH:  3    Dex:  9    Spells: 2/2 levels left

rFire   . . .      SeeInvis .   a - +0 mace
rCold   . . .      Faith    .   l - +0 buckler
rNeg    + . .      Spirit   .   b - +0 animal skin
rPois   ∞          Reflect  .   (no helmet)
rElec   +          Harm     .   (no cloak)
rCorr   .          Rampage  .   (no gloves)
Will    .....                   (no boots)
Stlth   ..........              (no amulet)
HPRegen 0.12/turn               (no ring)
MPRegen 0.08/turn               (no ring)

@: berserking, very quick
A: sickness immunity, AC +3, negative energy resistance 1, electricity
resistance, torment resistance 1, petrification resistance
a: Renounce Religion, Berserk


You were on level 2 of the Dungeon.
You worshipped Trog.
Trog was aware of your devotion.
You visited 1 branch of the dungeon, and saw 2 of its levels.

You collected 105 gold pieces.

Inventory:

Hand Weapons
 a - a +0 mace (weapon)
 h - a +0 hunting sling
Missiles
 g - 5 poisoned darts (quivered)
Armour
 b - a +0 animal skin (worn)
 l - a +0 buckler (worn)
Scrolls
 c - a scroll of blinking {unknown}
 e - a scroll of torment {unknown}
 i - a scroll of identify {unknown}
 j - a scroll of magic mapping {unknown}
Potions
 d - 2 potions of heal wounds {unknown}
 f - a potion of lignification {unknown}
 k - a potion of curing {unknown}


   Skills:
 * Level 3.9 Fighting
 * Level 3.5 Maces & Flails
 + Level 2.6 Armour
 - Level 1.5 Dodging
 + Level 0.0 Shields


You had 2 spell levels left.
You didn't know any spells.
Your spell library was empty.

Dungeon Overview and Level Annotations

Branches:
Dungeon (2/15)

Altars:

Shops:
D:2 !


Innate Abilities, Weirdness & Mutations

You are immune to sickness and miasma.
Your stone body is resilient. (AC +3)
You are immune to poison.
You resist negative energy. (rN+)
You are resistant to electric shocks. (rElec)
You are resistant to unholy torment.
You are immune to petrification.


Message History

No target in view!
No target in view!
You now have 105 gold pieces (gained 16).
d - 2 bubbling golden potions (gained 1)
A worm comes into view.
A worm is nearby!
A worm is nearby!
The worm bites you.
You hit the worm.
The worm is moderately wounded.
The worm bites you but does no damage.
You barely miss the worm.
The worm is lightly wounded.
You sock the worm!
The worm is heavily wounded.
The worm bites you.
You hit the worm.
The worm is severely wounded.
The worm bites you!
You are too injured to fight recklessly!
You are too injured to fight recklessly!
You are too injured to fight recklessly!
You are too injured to fight recklessly!
You are too injured to fight recklessly!
You are too injured to fight recklessly!
You are too injured to fight recklessly!
You are too injured to fight recklessly!
A worm is nearby!
A worm is nearby!
Unknown command.
You hit the worm but do no damage.
The worm is heavily wounded.
The worm bites you!
* * * LOW HITPOINT WARNING * * *
A red film seems to cover your vision as you go berserk!
You feel yourself moving faster!
You feel mighty!
You barely miss the worm.
The worm is heavily wounded.
The worm bites you.
You die...

####......##..#
..............##
..............#
##..#...####.#
#......# .#
#.##..## .# ..
#..# .# .#
#..#####.#
#...@w...#
#....#...#
#.##...###
#.###.## ..# .#
#### .# .# .#


You could see a worm.

Vanquished Creatures
  An adder (D:2)
  3 endoplasms
  2 giant cockroaches
  A goblin (D:1)
  A hobgoblin (D:1)
  3 kobolds
  A quokka (D:2)
  5 ball pythons
  4 bats
  2 frilled lizards (D:1)
  3 rats (D:1)
26 creatures vanquished.

Notes
Turn   | Place    | Note
-------+----------+-------------------------------------------
     0 | D:1      | sammy202020 the Gargoyle Berserker began the quest for the
                  | Orb.
     0 | D:1      | Reached XP level 1. HP: 14/14 MP: 1/1
   416 | D:1      | Reached XP level 2. HP: 10/19 MP: 2/2
   630 | D:1      | Found a faded altar of an unknown god.
  1216 | D:2      | Found Horaqy's Distillery.
  1233 | D:2      | Reached XP level 3. HP: 24/24 MP: 3/3
  1637 | D:2      | Slain by a worm

Illustrated notes

Levels and vault maps discovered:
D:1:      saegor_arrival_miasma, layout_basic, shapermc_ecumenical_altar_pompeii
D:2:      layout_loops_ring, serial_shops, shop, minmay_lizard_king

Action                   || total
-------------------------++-------
Melee: Mace              ||    74
Invok: Berserk           ||     1
 Stab: Sleeping          ||     1
Armor: Animal skin       ||    52
Dodge: Dodged            ||    49
Block: Buckler           ||     1

Table legend: (Time is in decaauts)
 A = Elapsed time spent in this place.
 B = Non-inter-level travel time spent in this place.
 C = Inter-level travel time spent in this place.
 D = Time resting spent in this place.
 E = Time spent auto-exploring this place.
 F = Levels seen in this place.
 G = Mean time per level.
                   A        B        C        D        E       F      G
               +--------+--------+--------+--------+--------+-----+--------+
         Total |   1654 |   1579 |     75 |    189 |   1154 |   2 |  827.0 |
       Dungeon |   1654 |   1579 |     75 |    189 |   1154 |   2 |  827.0 |
               +--------+--------+--------+--------+--------+-----+--------+

Top non-repeatable levels by time:
     D:1: 1141 daAuts
     D:2: 513 daAuts
